 Dungeon Crawl Stone Soup version 0.31.0-9-g3a7656b989 (webtiles) character file.

Game seed: 5240020580851939002

228 Kallu the Sneak (level 5, -6/38 HPs)
             Began as a Vampire Alchemist on Jan 29, 2024.
             Was a Believer of Fedhas.
             Killed by divine providence
             ... invoked by an orc priest
              (10 damage)
             ... on level 3 of the Dungeon.
             The game lasted 00:06:14 (2639 turns).

Kallu the Sneak (Vampire Alchemist)                 Turns: 2639, Time: 00:06:15

Health: -6/38      AC:  3    Str:  7    XL:     5   Next: 70%
Magic:  2/9        EV: 12    Int: 20    God:    Fedhas [**....]
Gold:   122        SH:  0    Dex: 14    Spells: 5/10 levels left

rFire   . . .        g - +0 dagger (venom)
rCold   . . .        (no shield)
rNeg    . . .        a - +0 robe
rPois   .            l - +0 helmet
rElec   .            (no cloak)
rCorr   .            (no gloves)
SInv    +            (no boots)
Will    .....        (no amulet)
Stlth   +++          (no ring)
HPRegen 0.46/turn    (no ring)
MPRegen 0.11/turn

%: no passive effects
@: on blink cooldown, healing quickly
A: alive, fangs 3, see invisible, vampiric 2
a: Exsanguinate, Renounce Religion, Wall of Briars


You were on level 3 of the Dungeon.
You worshipped Fedhas.
Fedhas was pleased with you.
You visited 1 branch of the dungeon, and saw 4 of its levels.

You collected 122 gold pieces.

Inventory:

Hand Weapons
 g - a +0 dagger of venom (weapon)
Missiles
 o - 6 poisoned darts
Armour
 a - a +0 robe (worn)
 l - a +0 helmet (worn)
Jewellery
 k - a +4 ring of protection
Scrolls
 d - 2 scrolls of vulnerability {unknown}
 f - 2 scrolls of fog
 h - a scroll of enchant armour {unknown}
 j - a scroll of amnesia {unknown}
 n - 2 scrolls of immolation {unknown}
 q - a scroll of blinking {unknown}
Potions
 b - a potion of magic
 c - a potion of resistance {unknown}
 i - a potion of brilliance {unknown}
 m - a potion of enlightenment {unknown}
 p - a potion of lignification {unknown}
 r - a potion of degeneration {unknown}


   Skills:
 - Level 2.0 Fighting
 - Level 2.1 Dodging
 + Level 5.5 Stealth
 - Level 3.0 Spellcasting
 - Level 0.6 Conjurations
 - Level 5.0 Alchemy


You had 5 spell levels left.
You knew the following spells:

 Your Spells              Type           Power      Damage    Failure   Level
a - Sting                 Conj/Alch      56%        1d6       4%          1
b - Mercury Vapours       Alch/Air       26%        N/A       8%          2
A - Blink                 Tloc           6%         N/A       22%         2

Your spell library contained the following spells:

 Spells                   Type           Power      Damage    Failure   Level
 Magic Dart               Conj           20%        1d4       11%         1
 Olgreb's Toxic Radiance  Alch           23%        N/A       19%         4
 Mephitic Cloud           Conj/Alch/Air  10%        N/A       21%         3
 Call Imp                 Summ           6%         N/A       22%         2
 Sticky Flame             Fire/Alch      13%        2d5       45%         4


Dungeon Overview and Level Annotations

Branches:
Dungeon (4/15)
 Temple: D:4-7

Altars:
Fedhas

Annotations:
D:3 3 runed translucent doors, Killerpretzel's ghost, amateur GrEE


Innate Abilities, Weirdness & Mutations

Your natural rate of healing is accelerated.
You have razor-sharp teeth.
You have supernaturally acute eyesight. (SInv)
You are afflicted with vampirism and can become a bat while bloodless.


Message History

The orc priest barely misses you.
The orc wizard hits you but does no damage.
As you read the scroll labelled ULOT HULA HUSH, it dissolves into smoke.
It was a scroll of fog.
The orc priest misses you.
The orc wizard hits you but does no damage.
Aiming: Sting (safe; 4% risk of failure)
Press: ? - help, Q - select action, (/) - cycle Shift-Dir - straight line, f/p - orc priest
Aim: an orc priest, wielding a +0 morningstar and wearing a +0 leather armour (black smoke, 71% to hit)
Okay, then.
Casting: Sting (safe; 4% risk of failure)
Confirm with . or Enter, or press ? or * to list all spells.
Aiming: Sting (safe; 4% risk of failure)
Press: ? - help, Shift-Dir - straight line, f/p - orc priest
Aim: an orc priest, wielding a +0 morningstar and wearing a +0 leather armour (black smoke, 71% to hit)
The sting misses the orc priest.
The orc priest hits you but does no damage.
The orc wizard hits you with a +0 dagger.
* * * LOW HITPOINT WARNING * * *
Aiming: Sting (safe; 4% risk of failure)
Press: ? - help, Q - select action, (/) - cycle Shift-Dir - straight line, f/p - orc priest
Aim: an orc priest, wielding a +0 morningstar and wearing a +0 leather armour (black smoke, 71% to hit)
The sting hits the orc priest.
The orc priest is poisoned.
The orc priest is lightly wounded.
The orc priest barely misses you.
The orc wizard hits you but does no damage.
Aiming: Sting (safe; 4% risk of failure)
Press: ? - help, Q - select action, (/) - cycle Shift-Dir - straight line, f/p - orc priest
Aim: an orc priest, wielding a +0 morningstar and wearing a +0 leather armour (black smoke, lightly wounded, poisoned, 71% to hit)
The sting hits the orc priest.
The orc priest looks even sicker.
The orc priest is heavily wounded.
The orc priest barely misses you. The orc wizard closely misses you.
Aiming: Sting (safe; 4% risk of failure)
Press: ? - help, Q - select action, (/) - cycle Shift-Dir - straight line, f - orc wizard, p - orc priest
Aim: an orc wizard, wielding a +0 dagger and wearing a +0 robe (black smoke, 64% to hit)
The sting hits the orc wizard.
The orc wizard is poisoned.
The orc wizard is lightly wounded.
The orc priest calls down the wrath of Beogh upon you.
Beogh smites you!
You die...
Fedhas appreciates your contribution to the ecosystem.

............# #.## #########
..........#.# ##.# #.....
..........#.# #..# #.####
..........#.# #.## ###'##
............# ##.########....#
..........#.####.........'....#
......)...#...§§.#########....#
......<...###.§o##########....#
....####### ##§o@§§.....##....#
....# ##########.##....# ....#
#.##....# ....# #.####### ....#
#.### ~...# #...###### .~>.#
##.#......## ~~### #...........
~P# #...........


You could see an orc priest (very poisoned) and an orc wizard (poisoned).

Vanquished Creatures
  A bombardier beetle (D:3)
  An orc priest (D:4)
  Jessica (D:3)
  2 orc wizards (D:2)
  Terence (D:3)
  2 adders
  2 ribbon worms
  3 orcs
  8 bats
  3 endoplasms
  4 giant cockroaches
  2 hobgoblins
  4 quokkas
  4 ball pythons
  2 frilled lizards
  5 goblins
  4 kobolds
  4 rats
53 creatures vanquished.

Notes
Turn   | Place    | Note
-------+----------+-------------------------------------------
     0 | D:1      | Kallu the Vampire Alchemist began the quest for the Orb.
     0 | D:1      | Reached XP level 1. HP: 13/13 MP: 3/3
   301 | D:1      | Reached XP level 2. HP: 19/19 MP: 1/5
   427 | D:1      | Learned a level 2 spell: Mercury Vapours
   919 | D:2      | Learned a level 2 spell: Blink
  1053 | D:2      | Found a faded altar of an unknown god.
  1072 | D:2      | Gained mutation: You are afflicted with vampirism and can
                  | become a bat while bloodless. [Vampire growth]
  1072 | D:2      | Reached XP level 3. HP: 22/24 MP: 2/6
  1117 | D:2      | Prayed at the altar of an unknown god.
  1117 | D:2      | Became a worshipper of Fedhas Madash
  1117 | D:2      | Reached * piety under Fedhas
  1397 | D:2      | Reached skill level 5 in Alchemy
  1564 | D:2      | Reached XP level 4. HP: 19/30 MP: 2/8
  1808 | D:3      | Reached skill level 1 in Fighting
  1968 | D:3      | Noticed Terence
  1981 | D:3      | Killed Terence
  2066 | D:3      | Noticed Killerpretzel's ghost (amateur GrEE)
  2074 | D:3      | Found a runed translucent gate.
  2074 | D:3      | Found a runed translucent gate.
  2075 | D:3      | Found a runed translucent gate.
  2134 | D:3      | Reached XP level 5. HP: 38/38 MP: 9/9
  2449 | D:3      | Noticed Jessica
  2454 | D:3      | Killed Jessica
  2566 | D:4      | Reached ** piety under Fedhas
  2567 | D:4      | Reached skill level 5 in Stealth
  2639 | D:3      | Killed from afar by an orc priest

Illustrated notes

Levels and vault maps discovered:
D:1:      dpeg_arrival_snail, layout_loops_ring
D:2:      layout_basic, chequers_ecumenical_altar_simple_redux,
          hangedman_decor_points
D:3:      layout_basic, gammafunk_ghost_split, chequers_garden,
          serial_bayou_pond_e, minmay_misc_feat_square, uniq_terence,
          uniq_jessica
D:4:      layout_gridville, uniq_edmund, uniq_crazy_yiuf_cottage, uniq_menkaure,
          uniq_eustachio

Skill      XL: |  1  2  3  4  5 |
---------------+----------------+-----
Alchemy        | 4 5 |  5.0
Spellcasting   | 3 |  3.0
Fighting       | 1 2 |  2.0
Stealth        | 5 |  5.5
Dodging        | |  2.1
Conjurations   | |  0.6

Action                     |  1- 3 |  4- 6 || total
---------------------------+-------+-------++-------
  Melee: Dagger            |    49 |    33 ||    82
         Unarmed           |     3 |       ||     3
         Bite              |     7 |     5 ||    12
         Punch             |       |     1 ||     1
   Cast: Sting             |    32 |    30 ||    62
         Mercury Vapours   |     4 |     7 ||    11
         Blink             |       |     1 ||     1
    Use: Scroll            |       |     1 ||     1
         Potion            |       |     1 ||     1
   Stab: Sleeping          |     2 |       ||     2
         Distracted        |       |     1 ||     1
 Armour: Robe              |    22 |    27 ||    49
  Dodge: Dodged            |    37 |    34 ||    71
